 Dungeon Crawl Stone Soup version 0.21-a0-402-gcbae7d1 (webtiles) character file.

146 SCCSCCS the Shield-Bearer (level 5, -1/42 HPs)
             Began as a Formicid Fighter on Oct 26, 2017.
             Was an Initiate of Ru.
             Slain by a gnoll
             ... wielding a +0 halberd
              (10 damage)
             ... on level 2 of the Dungeon.
             The game lasted 00:06:08 (1692 turns).

SCCSCCS the Shield-Bearer (Formicid Fighter)        Turns: 1692, Time: 00:06:08

Health: -1/42      AC:  8    Str: 20    XL:     5   Next: 53%
Magic:  5/5        EV:  8    Int: 10    God:    Ru [......]
Gold:   49         SH:  9    Dex: 11    Spells: 4/4 levels left

rFire    . . .     SeeInvis +   a - +0 long sword
rCold    . . .     Gourm    .   c - +0 shield
rNeg     . . .     Faith    .   p - +1 scale mail {MR+}
rPois    .         Spirit   .   (helmet unavailable)
rElec    .         Reflect  .   (no cloak)
rCorr    .         Harm     .   (no gloves)
MR       +....                  (no boots)
Stlth    ..........             (no amulet)
HPRegen  0.14/turn              m - +2 ring of intelligence
MPRegen  0.09/turn              (no ring)

@: no status effects
A: permanent stasis, dig shafts and tunnels, four strong arms, antennae 3
a: Dig, Shaft Self, Renounce Religion


You were on level 2 of the Dungeon.
You worshipped Ru.
Ru was noncommittal.
You were not hungry.

You visited 1 branch of the dungeon, and saw 2 of its levels.

You collected 49 gold pieces.

Inventory:

Hand Weapons
 a - a +0 long sword (weapon)
Armour
 c - a +0 shield (worn)
 p - a +1 scale mail of magic resistance (worn)
 r - a +0 scale mail
Jewellery
 m - a +2 ring of intelligence (left hand)
Scrolls
 e - 4 scrolls of identify
 j - 3 scrolls of teleportation {unknown}
 k - a scroll of enchant armour {unknown}
 l - a scroll of random uselessness {unknown}
 n - a scroll of remove curse {unknown}
 o - a scroll of amnesia {unknown}
 q - a scroll of immolation {unknown}
Potions
 b - a potion of lignification {unknown}
 d - a potion of might
 f - a potion of flight {unknown}
Comestibles
 g - a royal jelly
 h - 2 fruits
 i - 2 meat rations


   Skills:
 * Level 4.2 Fighting
 * Level 3.1 Long Blades
 * Level 4.2 Armour
 * Level 4.6 Shields


You had 4 spell levels left.
You didn't know any spells.

Dungeon Overview and Level Annotations

Branches:
Dungeon (2/15)

Altars:
Ru


Innate Abilities, Weirdness & Mutations

You cannot be hasted, slowed, berserked, paralysed or teleported.
You can dig through walls and to a lower floor.
Your four strong arms can wield two-handed weapons with a shield.
You have a pair of large antennae on your head. (SInv)


Message History

* * * LOW HITPOINT WARNING * * *
You are too injured to fight recklessly!
You are too injured to fight recklessly!
You are too injured to fight recklessly!
You are too injured to fight recklessly!
You are too injured to fight recklessly!
You are too injured to fight recklessly!
You are too injured to fight recklessly!
You are too injured to fight recklessly!
You are too injured to fight recklessly!
You are too injured to fight recklessly!
You barely miss the gnoll.
The gnoll is severely wounded.
You block the gnoll's attack. x2
The gnoll hits you from afar with a halberd.
* * * LOW HITPOINT WARNING * * *
You slash the gnoll!
You kill the gnoll!
The gnoll hits you from afar with a halberd!
You die...

...#.# #...# #.. ..# ...#.#
#.### ### #.# ###+.# ###.####
#.. #....# ......# #####
####.#######.##.##.######...#
#........................#
###.#####.###.#.######...#
#......#.......# #†.##
#..###.#####@### #)##
#..###.# #g# #.# #....#.#
#...g.# #.# #.##.#.# #.....#
###.#### #.##.#.# #.....#
#......# #......# #.....#
#.#.##.# ####.#####.....#
##.#.# #
#.......##########....#
#.##.##.# #...##..####.#


You could see 2 gnolls.

Vanquished Creatures
  An orc wizard (D:2)
  Robin (D:2)
  2 gnolls (D:2)
  4 adders (D:2)
  An ooze (D:2)
  2 worms (D:2)
  A dart slug (D:2)
  A leopard gecko (D:2)
  14 goblins
  4 hobgoblins
  4 bats
  2 frilled lizards
  7 kobolds
  2 rats (D:2)
46 creatures vanquished.

Notes
Turn   | Place    | Note
-------+----------+-------------------------------------------
     0 | D:1      | SCCSCCS the Formicid Fighter began the quest for the Orb.
     0 | D:1      | Reached XP level 1. HP: 18/18 MP: 1/1
   106 | D:1      | Reached XP level 2. HP: 24/24 MP: 2/2
   847 | D:2      | Reached XP level 3. HP: 27/29 MP: 3/3
   905 | D:2      | Noticed Robin
   925 | D:2      | Reached XP level 4. HP: 20/37 MP: 4/4
   940 | D:2      | Killed Robin
  1029 | D:2      | Found a sacrificial altar of Ru.
  1038 | D:2      | Became a worshipper of Ru the Awakened
  1380 | D:2      | Reached XP level 5. HP: 42/42 MP: 5/5
  1692 | D:2      | Slain by a gnoll

Vault maps used:
D:1:      ncdulo_watergridlock
D:2:      nicolae_ru_great_annihilating_truth, minmay_fountain_box, uniq_robin

Skill      XL: |  1  2  3  4  5 |
---------------+----------------+-----
Shields        | 4 |  4.6
Fighting       | 4 |  4.2
Armour         | 4 |  4.2
Long Blades    | 3 |  3.1

Action                   |  1- 3 |  4- 6 || total
-------------------------+-------+-------++-------
Melee: Long sword        |    81 |    94 ||   175
 Abil: Dig               |     3 |       ||     3
  Use: Scroll            |     2 |       ||     2
       Potion            |       |     2 ||     2
 Stab: Paralysed         |       |     2 ||     2
  Eat: Bread ration      |       |     1 ||     1
Armor: Scale mail        |    43 |    48 ||    91
Dodge: Dodged            |    33 |    39 ||    72
Block: Shield            |    56 |    67 ||   123
       Rpst.: Long sword |     6 |    12 ||    18

Table legend:
 A = Spawn XP
 B = Non-spawn XP
 C = Spawn XP percentage of total XP
 D = Spawn monster count
 E = Non-spawn monster count
 F = Spawn count percentage of total count
 G = Total turns spent on level
                    A         B        C        D         E        F      G
               +---------+---------+-------+---------+---------+-------+---------
         Total |       0 |     209 |   0.0 |       0 |      46 |   0.0 |  1692
               +---------+---------+-------+---------+---------+-------+---------
           D:1 |       0 |      17 |   0.0 |       0 |      12 |   0.0 |   810
           D:2 |       0 |     192 |   0.0 |       0 |      34 |   0.0 |   882
               +---------+---------+-------+---------+---------+-------+---------
